Map: King Sejong Station LE

Players

Gracz

  • Race: Terran Terran
  • League: Silver

victorywiki - Winner!

  • Race: Protoss Protoss
  • League: Platinum

VOD

Have the link to the VOD?

Description

Time

  • Played on: Oct. 8, 2016, 12:11 p.m.
  • Length: 10:02
Show
View Real Time Build Order
Export as new Build Order

Gracz Terran 

Build Orders: MMM Bio 

Get SALT Encoding   

  12  0:01  SCV  
  13  0:17  Supply Depot, SCV  
  14  0:29  SCV  
  15  0:40  Barracks  
  15  0:42  Refinery  
  15  1:00  Barracks, SCV  
  16  1:12  SCV  
  17  1:24  SCV  
  18  1:37  Engineering Bay  
  18  1:45  SCV  
  19  1:48  Refinery  
  19  1:49  Supply Depot  
  19  1:50  Reaper  
  20  1:58  Orbital Command  
  20  2:08  Reaper  
  21  2:43  Command Center  
  21  2:45  Reaper x2  
  23  2:51  SCV  
  24  3:03  SCV  
  24  3:17  Reaper x2  
  25  3:38  Factory  
  25  3:42  Terran Infantry Weapons Level 1  
  25  3:44  Barracks  
  25  3:48  SCV  
  26  4:00  SCV  
  27  4:03  Orbital Command  
  27  4:19  Barracks Tech Lab x2  
  27  4:24  Factory Reactor, Starport  
  27  4:31  SCV  
  27  4:32  SCV  
  27  4:35  Barracks Reactor  
  29  4:44  SCV x2  
  31  5:00  Combat Shields, Stimpack  
  31  5:15  SCV x2  
  31  5:19  Refinery  
  31  5:20  Medivac  
  35  5:27  SCV  
  34  5:44  Marauder x2  
  34  5:45  Marine x2  
  40  6:03  Marine x2  
  32  6:54  Marine x2  
  32  6:55  Liberator  
  32  6:56  Marauder  
  32  6:57  Marauder  
  36  7:12  Marine x2  
  36  7:13  Widow Mine  
  43  7:17  Marauder  
  44  7:41  Marauder  
  46  7:45  Supply Depot  
  42  8:20  Medivac x2  
  46  8:27  Factory Tech Lab  
  46  8:29  Starport  
  46  8:30  Barracks  
  46  8:37  Command Center  
  46  8:41  Command Center  
  46  9:02  Marauder x2  
  50  9:03  Marine x2  
  50  9:05  Siege Tank  
  50  9:07  Starport Reactor  
  55  9:10  Starport  
  55  9:18  Barracks Reactor, Supply Depot  
  55  9:21  Marine x2  
  55  9:24  Marauder x2  
  60  9:33  Refinery  
  55  9:39  Marine x2  
  40  9:58  Refinery  
Show
View Real Time Build Order
Export as new Build Order

victorywiki Protoss - Winner!

Build Orders: Nexus First 

Get SALT Encoding   

  12  0:01  Probe (Chrono Boost)  
  13  0:11  Probe (Chrono Boost)  
  14  0:22  Probe (Chrono Boost)  
  14  0:25  Pylon  
  15  0:43  Probe (Chrono Boost)  
  16  0:54  Probe (Chrono Boost)  
  17  1:02  Nexus  
  17  1:14  Gateway  
  17  1:15  Probe (Chrono Boost)  
  18  1:21  Assimilator  
  18  1:25  Probe (Chrono Boost)  
  19  1:36  Probe (Chrono Boost)  
  20  1:46  Probe (Chrono Boost)  
  21  1:54  Pylon x2  
  21  2:02  Cybernetics Core  
  21  2:07  Pylon  
  21  2:12  Assimilator  
  21  2:14  Probe (Chrono Boost)  
  22  2:24  Probe (Chrono Boost)  
  24  2:35  Stalker  
  22  2:40  Warp Gate  
  24  2:45  Probe (Chrono Boost)  
  24  2:47  Probe (Chrono Boost)  
  26  2:55  Probe (Chrono Boost)  
  28  2:59  Probe (Chrono Boost)  
  28  3:05  Stalker  
  28  3:12  Gateway  
  30  3:22  Probe (Chrono Boost)  
  30  3:24  Probe (Chrono Boost)  
  32  3:32  Probe (Chrono Boost)  
  34  3:36  Probe (Chrono Boost)  
  34  3:38  Adept  
  34  3:39  Pylon  
  36  3:56  Twilight Council  
  36  4:04  Gateway  
  36  4:05  Adept  
  36  4:07  Gateway  
  38  4:12  Robotics Facility  
  38  4:14  Pylon  
  38  4:23  Probe (Chrono Boost)  
  40  4:31  Probe (Chrono Boost)  
  40  4:36  Probe (Chrono Boost)  
  41  4:39  Adept  
  41  4:40  Resonating Glaives  
  41  4:42  Mothership Core (Chrono Boost)  
  41  4:43  Pylon  
  48  5:00  Probe x2 (Chrono Boost)  
  48  5:02  Assimilator  
  49  5:11  Probe (Chrono Boost)  
  49  5:12  Probe (Chrono Boost)  
  49  5:21  Probe (Chrono Boost)  
  49  5:23  Stalker x4  
  49  5:24  Probe (Chrono Boost)  
  60  5:37  Probe (Chrono Boost)  
  60  5:51  Zealot  
  60  5:56  Immortal  
  66  6:19  Stalker x4  
  74  6:29  Probe (Chrono Boost)  
  74  6:31  Pylon  
  75  6:35  Immortal  
  75  6:36  Forge  
  75  6:39  Blink  
  80  6:41  Probe (Chrono Boost), Zealot  
  80  6:44  Pylon  
  80  6:46  Pylon  
  76  6:56  Stalker  
  76  6:57  Robotics Facility, Stalker x2  
  78  7:32  Warp Prism  
  80  7:39  Stalker x2  
  80  7:40  Stalker x2  
  80  7:43  Protoss Shields Level 1  
  88  7:51  Gateway  
  88  7:53  Gateway  
  88  8:05  Gateway  
  88  8:06  Gateway  
  88  8:07  Assimilator  
  88  8:08  Gateway  
  88  8:10  Gateway  
  88  8:11  Probe (Chrono Boost)  
  83  8:23  Probe (Chrono Boost)  
  84  8:28  Stalker x2  
  84  8:29  Stalker x2  
  93  8:35  Probe (Chrono Boost)  
  89  9:05  Sentry x2  
  89  9:06  Stalker x2  
  89  9:07  Stalker x3  
  103  9:30  Stalker  
  103  9:49  Stalker x2  
  103  9:50  Stalker x2  
  103  9:52  Zealot  
Tags
 
Add a new tag
Caveats
  • Supply blocks, unpowered buildings, or Contaminate may cause inaccurate times.
  • Supply counts are checked every 10 seconds.